 Dungeon Crawl Stone Soup version 0.19.0-11-g3fc08b3 (webtiles) character file.

75 Drunkenshrew the Skirmisher (level 4, 0/42 HPs)
             Began as a Draconian Monk on Nov 8, 2016.
             Succumbed to an adder's poison
             ... on level 3 of the Dungeon.
             The game lasted 00:04:08 (1484 turns).

Drunkenshrew the Skirmisher (Draconian Monk)        Turns: 1484, Time: 00:04:09

Health: 0/42       AC:  5    Str: 14    XL:     4   Next: 11%
Magic:  4/4        EV: 13    Int: 10    God:
Gold:   120        SH:  0    Dex: 14    Spells: 0 memorised, 3 levels left

rFire  . . .     SeeInvis .     a - +1 hand axe
rCold  . . .     Gourm    .     (armour unavailable)
rNeg   . . .     Faith    +     (no shield)
rPois  .         Spirit   .     (helmet restricted)
rElec  .         Reflect  .     (no cloak)
rCorr  .         Harm     .     (no gloves)
MR     .....                    (no boots)
Stlth  ++........               j - amulet of faith
                                (no ring)
                                (no ring)

@: lethally poisoned (0 -> -1), flying
A: unfitting armour, cold-blooded, AC +5
a: no special abilities


You were on level 3 of the Dungeon.
You were hungry.

You visited 1 branch of the dungeon, and saw 3 of its levels.

You collected 120 gold pieces.

Inventory:

Hand Weapons
 a - a +1 hand axe (weapon)
Missiles
 n - 40 arrows
Jewellery
 j - an amulet of faith (around neck)
Scrolls
 c - a scroll of teleportation
 e - a scroll of fog {unknown}
 f - a scroll of enchant weapon
 h - a scroll of blinking {unknown}
 l - a scroll of fear {unknown}
 p - a scroll of amnesia {unknown}
Potions
 g - a potion of lignification
Comestibles
 b - 2 bread rations
 d - a beef jerky
 k - 3 meat rations
 m - 2 royal jellies
 o - a fruit


   Skills:
 + Level 5.2 Fighting
 - Level 3.0 Axes
 - Level 3.0 Dodging
 - Level 1.7 Stealth


You had 3 spell levels left.
You didn't know any spells.

Dungeon Overview and Level Annotations

Branches:
Dungeon (3/15)

Altars:
Gozag
Zin


Innate Abilities, Weirdness & Mutations

Your plain brown scales are hard. (AC +5)
You cannot fit into any form of body armour.
You are cold-blooded and may be slowed by cold attacks.


Message History

* * * LOW HITPOINT WARNING * * *
You feel sick.
It was a potion of magic.
Magic courses through your body.
* * * LOW HITPOINT WARNING * * *
You feel sick.
You see here a chunk of flesh.
* * * LOW HITPOINT WARNING * * *
You feel sick.
* * * LOW HITPOINT WARNING * * *
You feel sick.
* * * LOW HITPOINT WARNING * * *
You feel sick.
* * * LOW HITPOINT WARNING * * *
You feel sick.
* * * LOW HITPOINT WARNING * * *
You feel sick.
* * * LOW HITPOINT WARNING * * *
You feel sick.
You see here a chunk of flesh.
You die...

.##................####.
.......................
#.#........#..<#.####
.....................
#.#.#....#.....#....#.
#..............####.#
#.........#.##.........
#...........##..####..
#........@####..#
..............#..#
#.........%[.##..#
#........≈≈..##..#
#.......≈..≈.##...
.≈≈..≈..≈≈≈##.##
≈..≈..≈..≈≈≈#..
≈..≈⌠.≈...≈≈#.#
.≈.⌠≈..≈..≈≈#


There were no monsters in sight!

Vanquished Creatures
  5 adders
  2 orcs
  A ball python (D:3)
  4 goblins
  2 hobgoblins (D:1)
  A quokka (D:2)
  6 bats
  3 frilled lizards
  3 kobolds
  8 rats
35 creatures vanquished.

Notes
Turn   | Place    | Note
-------+----------+-------------------------------------------
     0 | D:1      | Drunkenshrew the Draconian Monk began the quest for the Orb.
     0 | D:1      | Reached XP level 1. HP: 19/19 MP: 1/1
   250 | D:1      | Reached XP level 2. HP: 26/26 MP: 2/2
   736 | D:2      | Found an opulent altar of Gozag.
   784 | D:2      | Reached skill level 4 in Fighting
   933 | D:2      | Reached XP level 3. HP: 31/34 MP: 3/3
  1204 | D:2      | Found a glowing silver altar of Zin.
  1204 | D:2      | Noticed an angel
  1447 | D:3      | Reached skill level 5 in Fighting
  1456 | D:3      | Reached XP level 4. HP: 8/42 MP: 4/4
  1469 | D:3      | HP: 2/42 [poisoned by an adder]
  1476 | D:3      | HP: 1/42 [poisoned by an adder]
  1484 | D:3      | Succumbed to an adder's poison

Skill      XL: |  1  2  3 |
---------------+----------+-----
Dodging        | 3 |  3.0
Fighting       | 4 5 |  5.2
Axes           | |  3.0
Stealth        | |  1.7

Action                   |  1- 3 |  4- 6 || total
-------------------------+-------+-------++-------
Melee: Hand axe          |    85 |       ||    85
       Tailslap          |     6 |       ||     6
  Use: Potion            |     2 |     2 ||     4
       Scroll            |     4 |       ||     4
 Stab: Sleeping          |     8 |       ||     8
  Eat: Chunk             |     1 |       ||     1
Armor: Skin              |    30 |       ||    30
Dodge: Dodged            |    74 |       ||    74
